2977 views
Uploaded 2020-04-18 19:11:18
Game version 1.32.3
13:34 long 1on1 custom game on (2)LastRefuge
Game name "W3Champions-20-qCetDRBbcn"
Saved by Dziango
2977 views
Uploaded 2020-04-18 19:11:18
Game version 1.32.3
13:34 long 1on1 custom game on (2)LastRefuge
Game name "W3Champions-20-qCetDRBbcn"
35 units @ 4.3k
/ 0.4k
14 buildings @ 2.3k
/ 0.6k


| Rod of Necromancy | 4 | 600 |
| Potion of Mana | 1 | 200 |
| Potion of Healing | 1 | 150 |
| Dust of Appearance | 1 | 75 |
| total: | 7 | 1025g |
| Acolyte | 12 | 900 | / | 0 |
| Ghoul | 11 | 1320 | / | 0 |
| Gargoyle | 12 | 2100 | / | 360 |
| total: | 35 | 4320g | / | 360w |
| Spirit Tower | 4 | 580 | / | 160 |
| Crypt | 2 | 400 | / | 100 |
| Altar of Darkness | 1 | 180 | / | 50 |
| Ziggurat | 9 | 1350 | / | 450 |
| Tomb of Relics | 1 | 130 | / | 30 |
| Graveyard | 1 | 215 | / | 0 |
| Halls of the Dead | 1 | 320 | / | 210 |
| Black Citadel | 1 | 325 | / | 230 |
| total: | 14 | 2275g | / | 630w |
| 0:03 | Acolyte |
| 0:03 | Acolyte |
| 0:06 | Crypt |
| 0:09 | Altar of Darkness |
| 0:32 | Ziggurat |
| 0:46 | Acolyte |
| 0:59 | Tomb of Relics |
| 1:08 | Ghoul |
| 1:24 | Ghoul |
| 1:35 | Ziggurat |
| 1:49 | Ghoul |
| 2:30 | Frost Nova |
| 2:32 | Ghoul |
| 2:32 | Ghoul |
| 2:54 | Halls of the Dead |
| 3:04 | Ghoul |
| 3:14 | Rod of Necromancy |
| 3:39 | Ghoul |
| 3:42 | Ziggurat |
| 4:04 | Ghoul |
| 4:15 | Graveyard |
| 4:38 | Dark Ritual |
| 4:53 | Ghoul |
| 5:35 | Acolyte |
| 5:44 | Ghoul |
| 5:53 | Frost Nova |
| 6:05 | Rod of Necromancy |
| 6:16 | Acolyte |
| 6:18 | Gargoyle |
| 6:20 | Death Coil |
| 6:35 | Ziggurat |
| 6:45 | Crypt |
| 7:06 | Acolyte |
| 7:09 | Creature Attack |
| 7:27 | Spirit Tower |
| 7:40 | Gargoyle |
| 7:40 | Gargoyle |
| 8:00 | Gargoyle |
| 8:19 | Acolyte |
| 8:19 | Gargoyle |
| 8:37 | Ghoul |
| 9:03 | Ziggurat |
| 9:09 | Gargoyle |
| 9:21 | Ziggurat |
| 9:21 | Ziggurat |
| 9:50 | Gargoyle |
| 9:51 | Gargoyle |
| 10:02 | Acolyte |
| 10:02 | Acolyte |
| 10:12 | Rod of Necromancy |
| 10:15 | Potion of Mana |
| 10:38 | Spirit Tower |
| 10:50 | Acolyte |
| 10:50 | Acolyte |
| 10:53 | Gargoyle |
| 11:09 | Gargoyle |
| 11:18 | Ziggurat |
| 11:29 | Dust of Appearance |
| 11:38 | Rod of Necromancy |
| 11:47 | Gargoyle |
| 12:02 | Acolyte |
| 12:04 | Ziggurat |
| 12:10 | Spirit Tower |
| 12:17 | Creature Carapace |
| 12:36 | Black Citadel |
| 12:43 | Gargoyle |
| 12:51 | Potion of Healing |
| 12:58 | Spirit Tower |
| 13:15 | Unholy Aura |
22 units @ 3.1k
/ 0.3k
15 buildings @ 2.4k
/ 0.7k


| Rod of Necromancy | 3 | 450 |
| Potion of Healing | 1 | 150 |
| Scroll of Healing | 1 | 250 |
| Potion of Lesser Invulnerability | 1 | 150 |
| total: | 6 | 1000g |
| Acolyte | 9 | 675 | / | 0 |
| Ghoul | 4 | 480 | / | 0 |
| Crypt Fiend | 7 | 1505 | / | 280 |
| Obsidian Statue | 2 | 400 | / | 70 |
| total: | 22 | 3060g | / | 350w |
| Nerubian Tower | 2 | 200 | / | 40 |
| Spirit Tower | 1 | 145 | / | 40 |
| Altar of Darkness | 1 | 180 | / | 50 |
| Ziggurat | 9 | 1350 | / | 450 |
| Crypt | 1 | 200 | / | 50 |
| Tomb of Relics | 1 | 130 | / | 30 |
| Graveyard | 1 | 215 | / | 0 |
| Necropolis | 1 | 225 | / | 0 |
| Slaughterhouse | 1 | 140 | / | 135 |
| Halls of the Dead | 1 | 320 | / | 210 |
| Black Citadel | 1 | 325 | / | 230 |
| total: | 15 | 2440g | / | 715w |
| 0:01 | Acolyte |
| 0:04 | Altar of Darkness |
| 0:08 | Ziggurat |
| 0:13 | Acolyte |
| 0:32 | Crypt |
| 0:40 | Acolyte |
| 0:56 | Tomb of Relics |
| 1:00 | Acolyte |
| 1:16 | Graveyard |
| 1:32 | Ghoul |
| 1:40 | Ghoul |
| 2:05 | Rod of Necromancy |
| 2:11 | Death Coil |
| 2:30 | Ghoul |
| 2:32 | Ziggurat |
| 2:33 | Nerubian Tower |
| 2:57 | Ghoul |
| 3:16 | Halls of the Dead |
| 3:39 | Crypt Fiend |
| 4:09 | Crypt Fiend |
| 4:20 | Ziggurat |
| 4:29 | Rod of Necromancy |
| 5:03 | Crypt Fiend |
| 5:05 | Unholy Aura |
| 5:50 | Slaughterhouse |
| 5:59 | Ziggurat |
| 6:20 | Burrow |
| 6:26 | Death Coil |
| 6:35 | Potion of Healing |
| 6:35 | Rod of Necromancy |
| 7:01 | Obsidian Statue |
| 7:04 | Frost Nova |
| 7:08 | Web |
| 8:02 | Acolyte |
| 8:11 | Obsidian Statue |
| 8:12 | Crypt Fiend |
| 9:07 | Necropolis |
| 9:33 | Creature Attack |
| 10:00 | Crypt Fiend |
| 10:03 | Ziggurat |
| 10:04 | Ziggurat |
| 10:19 | Acolyte |
| 10:20 | Acolyte |
| 10:23 | Frost Armor |
| 10:53 | Ziggurat |
| 10:54 | Ziggurat |
| 10:55 | Ziggurat |
| 10:56 | Acolyte |
| 11:09 | Improved Creature Attack |
| 11:14 | Acolyte |
| 11:29 | Black Citadel |
| 11:50 | Nerubian Tower |
| 11:50 | Spirit Tower |
| 12:00 | Death Pact |
| 12:03 | Crypt Fiend |
| 12:10 | Potion of Lesser Invulnerability |
| 12:19 | Frost Nova |
| 12:27 | Scroll of Healing |
| 13:22 | Crypt Fiend |